cohdb
Replays
Latest Replays
All Replays
Popular Replays
Top Player Replays
Match Explorer
How It Works
Community
CoH3 Stats
Reddit
Sign in to upload your games and track your stats! →
Sign in with Steam
Match 45520513
Unlisted
Match 45520513
Overview
Messages
Build Orders
End
Selects Airborne Battlegroup
Selects Pathfinders
Pathfinder Squad
Construct Barracks
Riflemen Squad
Riflemen Squad
Mechanized Support Center
Grenade Package
Construct Motor Pool
Selects Paratrooper Squad Paradrop
Paratrooper Squad Paradrop
Construct Medical Station
M8 Greyhound Armored Car
Selects Smoke Bombing Run
Selects Paradrop Reinforcements
M1 Anti-tank Gun Team
M24 Chaffee Light Tank
Paratrooper Squad Paradrop
Sad Pepe
Syccer
0
0
Comments
sign in to comment!
No comments posted yet!